Unix NetHack Version 5.0.0-0 post-release - last build May  4 2026 22:22:43 (774f63e81ad911689b3a0859ea89b322d5daca8d,branch:main).

Game began 2026-05-08 12:07:54, ended 2026-05-08 12:51:37.

01245990302, chaotic male orcish Barbarian

                                   ########        --------------
      -------------                #----- #########.............|
      |...........-#################|.`.|       #  |.....>......|
      |....*......|####   ##########....|       ###...........(.|
      |...........|             #   |...|    ##### ------.-------
      -----.-------             #   |...|   ##        ####
           ################     #   -----  ##         #
           #%#            #################?##############
           #               ###        #  ## #       --.--#############
        ####             ###         ##  # ##       |...|    --------|-------
        #              ###           #   % #        |...|    |..............|
  ------.----         ##             #   # #        |...+####....@h.........|
  |.........|        ##              #   ###        |...|    |..............|
  |......<...#########              -|---#          |...|    |..............|
  |.........|                       |...|#          |...|    ----------------
  |.........|                       |...|#          -----
  -----------                       |...-#
                                    |...|
                                    -----

01245990302 the Pillager   St:18/02 Dx:17 Co:16 In:7 Wi:7 Ch:8  Chaotic
Dlvl:5  $:89 HP:0(47) Pw:9(9) AC:8  Xp:4 T:3469 

Latest messages:
 You see here a rothe corpse.
 You smite the shrieker!
 The shrieker shrieks.
 You miss the shrieker.
 You miss the shrieker.
 The gecko bites!
 You kill the shrieker!
 The gecko bites!
 You kill the lichen!
 You see here a food ration.
 You learn more about your items by comparing them.
 d - an uncursed food ration (3 in total).
 The gecko bites!
 You miss the gecko.
 The gecko bites!
 You kill the gecko!
 You see here a rothe corpse.
 There is a rothe corpse here; eat it? [ynq] (n) y
 This rothe corpse tastes okay.
 You finish eating the rothe corpse.
 You see here 7 gold pieces.
 $ - 7 gold pieces (89 in total).
 You find a hidden door.
 You smite the gray ooze!
 You kill the gray ooze!
 The dwarf wields a dwarvish short sword!
 The dwarf thrusts her dwarvish short sword.
 The dwarf hits!
 You miss the dwarf.
 The dwarf thrusts her dwarvish short sword.
 The dwarf hits!
 You miss the dwarf.
 The dwarf thrusts her dwarvish short sword.
 The dwarf hits!
 You miss the dwarf.
 The dwarf thrusts her dwarvish short sword.
 The dwarf hits!
 You miss the dwarf.
 You miss the dwarf.
 The dwarf thrusts her dwarvish short sword.
 The dwarf hits!
 You miss the dwarf.
 The dwarf thrusts her dwarvish short sword.
 The dwarf hits!
 You die...
 Do you want your possessions identified? [ynq] (y) y
 Do you want to see your attributes? [ynq] (y) y
 Do you want an account of creatures vanquished? [ynaq] (y) y
 Do you want to see your conduct and achievements? [ynq] (y) y
 Do you want to see the dungeon overview? [ynq] (y) y

Inventory:
 Coins    ('$')
  $ - 89 gold pieces
 Weapons  (')')
  e - a +0 sling
  o - 10 +0 darts
  a - a corroded +0 battle-axe (weapon in hands)
  b - a +0 orcish short sword (alternate weapon; not wielded)
 Armor    ('[')
  c - an uncursed +0 orcish ring mail (being worn)
 Comestibles  ('%')
  d - 3 uncursed food rations
 Potions  ('!')
  k - an uncursed potion of enlightenment
  m - an uncursed potion of healing
  l - an uncursed potion of speed
 Tools    ('(')
  f - an uncursed bell
  h - an uncursed skeleton key
 Gems/Stones  ('*')
  g - 2 uncursed worthless pieces of orange glass
  p - 2 uncursed worthless pieces of violet glass

01245990302 the Barbarian's attributes:

Background:
 You were a Pillager, a level 4 male orcish Barbarian.
 You were chaotic, nominally on a mission for Set
 who was opposed by Mitra (lawful) and Crom (neutral).
 You were right-handed.
 You were in the Dungeons of Doom, on level 5.
 You entered the dungeon 3469 turns ago.
 You had 157 experience points, 3 more were needed to attain level 5.

Basics:
 You had 0 out of 47 hit points.
 You had all 9 energy points (spell power).
 Your armor class was 8.
 Your wallet contained 89 zorkmids.
 Autopickup was off.

Final Characteristics:
 Your strength was 18/02 (limit:18/50).
 Your dexterity was 17 (limit:18).
 Your constitution was 16 (limit:18).
 Your intelligence was 7 (limit:16).
 Your wisdom was 7 (limit:16).
 Your charisma was 8 (limit:16).

Final Status:
 You weren't hungry.
 You were unencumbered.
 You were wielding an axe.
 You had basic skill with axe.

Final Attributes:
 You were piously aligned.
 You were poison resistant.
 You had infravision.
 You were warded.
 You are dead.

Miscellaneous:
 You didn't encounter any bones levels.
 Total elapsed playing time was 40 minutes and 24 seconds.

Major events:
 Turn
    1: 01245990302 the chaotic male orcish Barbarian entered the dungeon
 1471: attained the rank of Pillager (level 3)
 3469: killed by a dwarf

You didn't know any spells.

Skills:
 Fighting Skills
   bare handed combat [Basic]
   two weapon combat  [Unskilled]
   riding             [Unskilled]
 Weapon Skills
   dagger             [Unskilled]
   axe                [Basic]
   pick-axe           [Unskilled]
   short sword        [Basic]
   broadsword         [Unskilled]
   long sword         [Unskilled]
   two-handed sword   [Unskilled]
   saber              [Unskilled]
   club               [Unskilled]
   mace               [Unskilled]
   morning star       [Unskilled]
   flail              [Unskilled]
   hammer             [Unskilled]
   quarterstaff       [Unskilled]
   spear              [Unskilled]
   trident            [Unskilled]
   bow                [Unskilled]
 Spellcasting Skills
   attack spells      [Unskilled]
   escape spells      [Unskilled]

Voluntary challenges:
 Character rerolling was not enabled.
 You were an atheist.
 You never genocided any monsters.
 You never polymorphed an object.
 You never changed form.
 You used no wishes.
Achievements:
 You entered a shop.
 You attained the rank of Pillager.

 The Dungeons of Doom: levels 1 to 5
    Level 1:
       A fountain, a grave.
    Level 2:
       An armor shop, an altar to Set, a fountain.
    Level 3:
       An altar to Set, a fountain.
    Level 4:
    Level 5: <- You were here.
       Final resting place for
          you, killed by a dwarf.


Vanquished creatures:
  2 shriekers
  3 gray oozes
  a kitten
  a rothe
  a giant bat
  2 iguanas
  4 acid blobs
  2 hobbits
  2 giant rats
  a brown mold
  3 geckos
  2 jackals
  3 goblins
  a sewer rat
  3 grid bugs
  a bat
  5 lichens
  2 kobold zombies
  7 newts
46 creatures vanquished.

No species were genocided or became extinct.

Game over:
                       ----------
                      /          \
                     /    REST    \
                    /      IN      \
                   /     PEACE      \
                  /                  \
                  |   01245990302    |
                  |      89 Au       |
                  |   killed by a    |
                  |      dwarf       |
                  |                  |
                  |                  |
                  |       2026       |
                 *|     *  *  *      | *
        _________)/\\_//(\/(/\)/\//\/|_)_______

Goodbye 01245990302 the Barbarian...

You died in The Dungeons of Doom on dungeon level 5 with 909 points,
and 89 pieces of gold, after 3469 moves.
You were level 4 with a maximum of 47 hit points when you died.

